AoeStats
← Kim Suce?

African Clearing

506180012Analyzed
3v3 RM · 18d ago on Sep 12, 2026· 25m 50s· 6 players
Game mode
Random Map
Map size
Normal (6 player)
Population
200
Speed
Normal
Resources
Standard
Victory
Conquest
Starting age
Dark Age
Ending age
Imperial Age
RankedLock teamsTeams togetherTeam positionsShared explorationLock speedFull tech treeHidden civsTurbo modeCheats
Victory
Defeat
🇦🇷 Saracens · Argentina
988
+13
🇩🇪 Franks · Germany
930
+15
🇦🇲 Armenians · Armenia
896
+17
🇲🇽 Spanish · Mexico
942
-16
🇲🇽 Huns · Mexico
939
-16
🇲🇽 Celts · Mexico
876
-13
Lamb
4:29 Loom
15:57 Feudal Age
16:38 Double-Bit Axe
CesMac
5:43 Loom
17:35 Feudal Age
Kim Suce?
13:15 Loom
15:32 Feudal Age
19:52 Castle Age
18:16 Double-Bit Axe
BABAN
3:02 Loom
12:36 Feudal Age
14:05 Wheelbarrow
13:39 Town Watch
16:19 Scale Barding Armor
17:46 Forging
23:01 Castle Age
22:03 Stone Mining
22:01 Double-Bit Axe
22:35 Gold Mining
22:41 Fletching
25:49 Hand Cart
25:47 Bow Saw
26:15 Bodkin Arrow
(PNG) Adrogue_PR
10:08 Loom
12:51 Feudal Age
13:30 Double-Bit Axe
20:10 Castle Age
19:11 Fletching
22:44 Bodkin Arrow
24:48 Crossbowman
suro_rustamyan
4:27 Loom
13:27 Feudal Age
14:06 Horse Collar
14:25 Double-Bit Axe
20:32 Castle Age
18:46 Stone Mining
21:48 Bow Saw
22:31 Fervor
Connection lost

Rejoining the realm…

Still unreachable

The connection could not be restored.

Session expired

The server has moved on; the page needs a fresh start.